 Dungeon Crawl Stone Soup version 0.16.1-30-g34a7ffa (webtiles) character file.

21 hexophile the Magician (level 2, -4/22 HPs)
             Began as a Naga Wizard on June 30, 2015.
             Killed from afar by Sigmund (5 damage)
             ... with a wand of flame
             ... on level 2 of the Dungeon.
             The game lasted 00:04:26 (1176 turns).

hexophile the Magician (Naga Wizard)                Turns: 1176, Time: 00:04:26

Health: -4/22      AC:  1    Str:  9    XL:     2   Next: 83%
Magic:  6/6        EV:  9    Int: 18    God:
Gold:   69         SH:  0    Dex:  9    Spells: 1 memorised, 7 levels left

rFire  . . .     SeeInvis +     (no weapon)
rCold  . . .     Clarity  .     a - +0 robe
rNeg   . . .     SustAb   .     (no shield)
rPois  +         Gourm    .     b - +0 hat
rElec  .         Spirit   .     (no cloak)
rCorr  .         Warding  .     (no gloves)
rMut   .         Stasis   .     (no barding)
MR     .....                    (no amulet)
Stlth  ++........               (no ring)
                                (no ring)

@: very slow, not resistant to hostile enchantments, unstealthy
A: spit poison, see invisible, deformed body, poison resistance, slowness 2
a: Spit Poison


You were on level 2 of the Dungeon.
You were hungry.

You visited 1 branch of the dungeon, and saw 2 of its levels.

You collected 69 gold pieces.

Inventory:

Armour
 a - a +0 robe (worn)
 b - a +0 hat (worn)
Scrolls
 g - a scroll of remove curse {unknown}
 h - a scroll of magic mapping {unknown}
 i - a scroll of teleportation {unknown}
Potions
 e - a potion of lignification {unknown}
 f - a potion of restore abilities {unknown}
 j - a potion of might {unknown}
Books
 c - a book of Minor Magic

   Spells                             Type                      Level
   a - Magic Dart                     Conjuration                  1
   b - Blink                          Translocation                2
   c - Call Imp                       Summoning                    2
   d - Repel Missiles                 Charms/Air                   2
   e - Slow                           Hexes                        2
   f - Conjure Flame                  Conjuration/Fire             3
   g - Mephitic Cloud                 Conjuration/Poison/Air       3
Comestibles
 d - a bread ration
 k - a royal jelly


   Skills:
 - Level 1.5 Dodging
 - Level 3.4 Stealth
 * Level 3.5 Spellcasting
 * Level 1.2 Conjurations
   Level 1.0 Summonings
   Level 1.0 Translocations


You had 7 spell levels left.
You knew the following spells:

 Your Spells              Type           Power        Failure   Level  Hunger
a - Magic Dart            Conj           #...         12%         1    None


Dungeon Overview and Level Annotations

Branches:
Dungeon (2/15)

Altars:
Yredelemnul

Annotations:
D:2 Sigmund


Innate Abilities, Weirdness & Mutations

You cannot wear boots.
You can spit poison.
You have supernaturally acute eyesight.
Armour fits poorly on your strangely shaped body.
Your system is resistant to poisons.
You cover ground very slowly.


Message History

You climb downwards.
There is a stone staircase leading up here.
There is a stone staircase leading up here.
You open the door.
There is an open door here.
There is an open door here.
There is a stone staircase leading up here.
Sigmund the Dreaded comes into view.
He is wielding a scythe of pain.
Sigmund shouts!
Sigmund moves out of view.
Sigmund casts a spell at you. The magic dart hits you!
Ouch! That really hurt!
Found a basalt altar of Yredelemnul.
Sigmund gestures wildly while chanting.
Sigmund flickers and vanishes for a moment.
Sigmund zaps a wand.
The puff of flame hits you!
* * * LOW HITPOINT WARNING * * *
It is a wand of flame.
Sigmund zaps a wand.
The puff of flame hits you!
You die...

# ##.# ##.......##
##.#...####.........#
#........<'.........+
#..#....###.........#
#..##.#.# ##.......##
##..####.# ##.....##
#.....##.# ##...##
#.P.P..#.# ##+##
##.._...#@####
#..P.P.......#
#....@..####.#
#.###.#.# # ......
#####.# #.# #.# #..


You could see Sigmund (invisible).

Vanquished Creatures
  3 bats (D:1)
  A giant cockroach (D:1)
  4 hobgoblins (D:1)
  A giant newt (D:1)
  5 goblins (D:1)
  4 kobolds (D:1)
  A rat (D:1)
19 creatures vanquished.

Notes
Turn   | Place    | Note
--------------------------------------------------------------
     0 | D:1      | hexophile, the Naga Wizard, began the quest for the Orb.
     0 | D:1      | Reached XP level 1. HP: 15/15 MP: 4/4
   283 | D:1      | Reached XP level 2. HP: 22/22 MP: 3/6
  1172 | D:2      | Noticed Sigmund
  1173 | D:2      | Found a basalt altar of Yredelemnul.
  1176 | D:2      | HP: 1/22 [Sigmund/wand of flame (9)]
  1176 | D:2      | Killed from afar by Sigmund

Action                   || total
-------------------------++-------
Melee: Unarmed           ||     4
 Cast: Magic Dart        ||    47
 Abil: Spit Poison       ||     3
